Map: 宿怨战场-天梯版

Players

SpeCial - Winner!

  • Race: Terran Terran

MeomaikA

  • Race: Zerg Zerg
  • League: Bronze

Event: WESG 2018 Grand Finals

VOD

Have the link to the VOD?

Description

Time

  • Played on: March 11, 2019, 5:36 a.m.
  • Length: 14:16

All games in this series

Show
View Real Time Build Order
Export as new Build Order

SpeCial Terran - Winner!

Build Orders: Liberator Opening, Reaper Expand 

Get SALT Encoding   

  12  0:00  SCV  
  13  0:12  SCV  
  14  0:18  Supply Depot  
  14  0:25  SCV  
  15  0:40  Barracks, SCV  
  16  0:46  Refinery  
  16  0:52  SCV  
  17  1:04  SCV  
  18  1:16  SCV  
  18  1:30  Orbital Command  
  18  1:33  Reaper  
  19  1:49  Command Center  
  19  1:57  SCV  
  20  2:05  Marine  
  20  2:06  Supply Depot  
  21  2:17  Factory  
  21  2:19  SCV  
  22  2:23  Marine  
  22  2:28  Refinery  
  23  2:33  SCV  
  24  2:37  Bunker  
  24  2:41  Marine  
  25  2:46  SCV  
  26  2:58  SCV  
  26  2:59  Marine  
  26  3:02  Orbital Command  
  28  3:10  SCV  
  29  3:15  Factory Tech Lab  
  29  3:17  Marine  
  30  3:21  Starport  
  30  3:24  SCV  
  31  3:29  Supply Depot, SCV  
  32  3:38  Cyclone  
  34  3:47  SCV x2  
  36  3:52  Supply Depot  
  36  3:57  Liberator  
  36  3:59  SCV x2  
  36  4:02  Barracks Reactor  
  38  4:07  Supply Depot  
  38  4:14  SCV  
  42  4:20  Siege Tank, Supply Depot  
  42  4:22  SCV  
  46  4:29  SCV  
  47  4:31  Command Center  
  47  4:38  SCV  
  47  4:41  SCV  
  47  4:44  Barracks  
  47  4:45  Supply Depot  
  48  4:56  Barracks  
  48  4:57  Marine  
  48  4:58  Stimpack  
  49  5:01  Starport Reactor  
  49  5:05  SCV x2  
  51  5:08  Factory Tech Lab, Engineering Bay  
  51  5:12  Engineering Bay  
  51  5:15  Marine  
  51  5:17  SCV x2  
  54  5:29  SCV x2  
  54  5:33  Marine  
  57  5:37  Refinery x2, Terran Infantry Weapons Level 1  
  57  5:39  Terran Infantry Armor Level 1  
  57  5:41  SCV  
  58  5:43  SCV  
  58  5:45  Orbital Command  
  58  5:46  Starport Reactor  
  58  5:47  Marine x2  
  61  5:51  Marine  
  61  5:53  SCV  
  61  5:55  SCV  
  64  5:58  Marine x2  
  64  6:02  Siege Tank  
  69  6:05  Marine x2, SCV  
  69  6:07  Orbital Command  
  69  6:09  Marine  
  69  6:10  SCV  
  75  6:14  Supply Depot  
  75  6:15  Marine  
  75  6:16  Marine  
  76  6:22  SCV x2  
  76  6:23  Marine x2  
  76  6:24  Medivac x2, Supply Depot  
  84  6:27  Marine  
  84  6:29  Missile Turret  
  85  6:35  Marine  
  85  6:36  Marine  
  85  6:38  SCV  
  88  6:41  Barracks, Marine x2  
  88  6:42  Siege Tank  
  88  6:43  Barracks  
  88  6:45  Marine  
  88  6:46  SCV  
  95  6:49  SCV  
  95  6:50  SCV  
  95  6:53  Marine x2  
  99  6:54  Supply Depot  
  99  6:55  Supply Depot  
  99  6:58  Medivac  
  101  7:04  Medivac, Marine  
  101  7:05  SCV x3  
  101  7:07  Marine  
  101  7:08  Combat Shield  
  108  7:17  SCV x3  
  108  7:19  Marine x3  
  114  7:24  Siege Tank  
  114  7:29  Marine x2, SCV  
  120  7:31  SCV x2  
  120  7:34  Barracks Reactor, Supply Depot  
  120  7:35  Marine  
  123  7:41  SCV  
  123  7:43  SCV  
  125  7:44  Armory  
  125  7:55  Marine x4, SCV x2  
  125  7:56  SCV  
  131  8:01  Refinery x2  
  131  8:02  Marine  
  131  8:03  Supply Depot  
  131  8:04  Barracks Reactor  
  132  8:07  SCV  
  132  8:13  Medivac, Marine x3  
  133  8:24  Marine x4  
  133  8:25  SCV x3  
  133  8:27  Supply Depot  
  140  8:31  Marine  
  140  8:32  Marine  
  140  8:33  Terran Infantry Armor Level 2  
  141  8:40  Medivac, Marine  
  141  8:45  Sensor Tower  
  141  8:48  Marine x4  
  145  8:49  Marine  
  145  8:50  Marine  
  145  8:52  Marine, Factory  
  145  8:55  Marine  
  148  8:57  Marine, Factory  
  148  8:58  Medivac  
  135  9:06  Marine x5, Siege Tank  
  135  9:07  Marine  
  135  9:08  Factory  
  143  9:11  Barracks  
  143  9:16  Marine x3  
  141  9:19  Medivac  
  141  9:23  Marine x4  
  147  9:24  Marine  
  147  9:28  Medivac  
  147  9:29  Marine  
  148  9:33  Marine  
  149  9:39  Factory Tech Lab  
  149  9:45  Marine, Supply Depot  
  149  9:47  Supply Depot  
  149  9:50  Marine x4  
  149  9:51  Marine x2  
  149  9:52  Marine  
  148  9:53  Marauder, Siege Tank  
  128  10:00  Factory Tech Lab, Siege Tank  
  128  10:03  Marine  
  107  10:08  Marine x4  
  107  10:09  Marine x2  
  107  10:10  Marine  
  112  10:14  Marauder  
  112  10:21  Marine  
  108  10:25  Marine x2, Siege Tank  
  108  10:26  Marine x3  
  108  10:27  Marine x2  
  94  10:32  Siege Tank, SCV x2  
  94  10:35  Marine  
  98  10:39  Marine  
  98  10:42  SCV  
  101  10:43  Marine x2  
  101  10:44  SCV  
  101  10:46  Siege Tank  
  101  10:49  Terran Infantry Weapons Level 2  
  107  10:53  Marine  
  107  10:56  Marine x3  
  107  10:57  Marine x2  
  111  10:58  Siege Tank  
  111  10:59  Terran Vehicle Weapons Level 1  
  111  11:00  Marine  
  111  11:03  Marine x2  
  120  11:05  SCV x3  
  123  11:14  Supply Depot, Siege Tank  
  123  11:15  Marine, Liberator  
  123  11:17  Marine, SCV x2  
  129  11:19  Marine x3, Liberator  
  132  11:26  Siege Tank  
  132  11:30  Marine, Siege Tank  
  141  11:36  Marine x5, Supply Depot  
  141  11:37  Supply Depot  
  149  11:42  SCV x3  
  152  11:51  Siege Tank  
  152  11:52  Marine  
  156  11:54  SCV  
  156  11:57  SCV x2  
  156  11:59  Marine  
  156  12:00  Marine  
  145  12:03  Marine  
  145  12:06  Marine, SCV  
  147  12:10  Siege Tank x2  
  147  12:13  SCV  
  147  12:14  Marine, SCV  
  147  12:15  Marine  
  160  12:24  Medivac  
  160  12:25  Medivac  
  158  12:44  Marine, Command Center  
  158  12:45  Engineering Bay, Marine x3  
  158  12:50  Supply Depot, SCV x3  
  165  12:52  Marine, Supply Depot  
  165  12:53  Marine  
  165  12:57  Marine x3  
  165  12:58  Medivac  
  172  13:02  SCV  
  173  13:11  Marine x2  
  173  13:12  Siege Tank x2  
  181  13:13  Medivac, Marine, Siege Tank  
  181  13:16  Marine  
  181  13:17  Marine  
  189  13:21  Marine  
  189  13:24  Marine  
  189  13:25  Marine  
  188  13:27  Marine  
  188  13:32  Medivac  
  188  13:35  Marine  
  189  13:53  Marine  
  189  13:55  Marine x2  
  189  13:56  Marine  
Show
View Real Time Build Order
Export as new Build Order

MeomaikA Zerg 

Build Orders: Pool First 

Get SALT Encoding   

  12  0:00  Drone  
  13  0:08  Drone  
  14  0:17  Overlord  
  14  0:23  Extractor  
  14  0:24  Drone  
  15  0:35  Drone x2  
  17  0:48  Spawning Pool  
  17  0:49  Drone  
  17  1:13  Hatchery  
  17  1:16  Drone  
  17  1:22  Drone  
  17  1:25  Extractor  
  16  1:35  Roach Warren, Zergling x2  
  16  1:39  Drone  
  17  1:42  Drone  
  18  1:53  Queen  
  20  2:02  Overlord  
  20  2:16  Roach  
  20  2:20  Roach  
  20  2:21  Drone  
  25  2:25  Drone  
  26  2:32  Extractor  
  26  2:34  Drone  
  27  2:37  Drone  
  27  2:41  Queen  
  30  2:45  Drone  
  30  2:47  Drone  
  32  2:55  Overlord  
  31  2:59  Drone  
  32  3:09  Ravager x2  
  32  3:10  Drone x2  
  36  3:18  Overlord  
  36  3:19  Drone  
  37  3:20  Drone x2  
  37  3:22  Drone  
  40  3:29  Drone  
  40  3:30  Drone  
  42  3:40  Drone  
  43  3:41  Drone  
  43  3:43  Metabolic Boost  
  43  3:44  Extractor  
  43  3:45  Extractor  
  41  3:50  Drone x3  
  41  3:51  Drone  
  41  3:53  Drone  
  41  3:54  Drone x2  
  49  3:56  Overlord  
  49  4:14  Lair, Hatchery  
  49  4:16  Drone  
  49  4:17  Drone  
  49  4:20  Drone  
  49  4:22  Drone  
  52  4:24  Overlord  
  52  4:28  Overlord  
  52  4:32  Extractor  
  52  4:36  Zergling x2  
  52  4:37  Overlord  
  52  4:42  Queen  
  52  4:43  Zergling x6  
  52  4:45  Zergling x2  
  58  4:47  Zergling x2  
  58  4:52  Zergling x6  
  62  4:53  Zergling x2  
  62  4:56  Spore Crawler  
  62  5:00  Spore Crawler  
  62  5:01  Zergling x2  
  62  5:03  Zergling x2  
  62  5:04  Zergling x2  
  64  5:13  Drone x3  
  67  5:15  Hydralisk Den  
  67  5:17  Drone  
  67  5:28  Overlord  
  67  5:29  Drone x4  
  67  5:30  Drone  
  67  5:31  Drone x2  
  73  5:38  Overlord, Drone  
  73  5:41  Evolution Chamber  
  73  5:42  Infestation Pit  
  72  5:46  Grooved Spines  
  72  5:47  Drone  
  73  5:51  Hydralisk  
  73  5:53  Hydralisk  
  73  5:56  Hydralisk  
  77  6:01  Hydralisk x2  
  77  6:03  Hydralisk  
  86  6:06  Drone x2  
  86  6:07  Drone  
  89  6:19  Overlord x4  
  89  6:20  Zergling x2  
  89  6:22  Zerg Missile Weapons Level 1  
  90  6:26  Evolution Chamber  
  89  6:37  Hydralisk x5  
  89  6:38  Hydralisk  
  101  6:41  Hydralisk  
  101  6:43  Hydralisk  
  101  6:46  Hydralisk  
  106  6:48  Hydralisk  
  106  6:53  Drone x3  
  106  6:54  Drone  
  112  6:55  Extractor  
  112  6:56  Drone  
  112  6:57  Extractor  
  112  6:58  Drone x2  
  113  7:02  Drone x3  
  113  7:06  Zerg Ground Armor Level 1  
  115  7:11  Drone  
  115  7:12  Drone x2  
  115  7:13  Drone  
  115  7:14  Drone  
  119  7:17  Drone x2  
  119  7:28  Hydralisk  
  121  7:31  Muscular Augments  
  121  7:35  Hatchery, Hydralisk  
  122  7:37  Overlord x2  
  122  7:40  Overlord  
  122  7:43  Hydralisk  
  120  7:52  Hydralisk  
  120  7:58  Hydralisk x6  
  122  7:59  Zergling x2  
  122  8:00  Zergling x2  
  122  8:01  Zergling x2  
  122  8:03  Hydralisk  
  122  8:05  Hydralisk  
  141  8:07  Hydralisk  
  141  8:10  Hydralisk  
  143  8:13  Hydralisk  
  143  8:18  Zergling x6  
  145  8:22  Overlord  
  145  8:23  Overlord  
  142  8:34  Hydralisk x2  
  142  8:41  Zerg Missile Weapons Level 2, Overlord x2  
  146  8:42  Zergling x8  
  146  8:47  Hydralisk  
  152  8:49  Hydralisk x2  
  155  8:57  Zergling x2  
  155  9:01  Hydralisk x3  
  155  9:02  Zergling x6  
  152  9:04  Zergling x2  
  152  9:05  Zergling x2  
  152  9:11  Queen  
  152  9:12  Hydralisk  
  152  9:16  Hydralisk x2  
  155  9:18  Zergling x4  
  159  9:27  Hydralisk  
  159  9:28  Hydralisk  
  159  9:29  Hydralisk x2  
  166  9:45  Hydralisk x2  
  168  9:46  Hydralisk  
  168  9:47  Hydralisk x2  
  168  9:48  Hydralisk  
  167  9:57  Hydralisk x2  
  139  10:00  Hydralisk  
  139  10:03  Hydralisk  
  139  10:04  Zergling x4  
  127  10:08  Hydralisk  
  127  10:12  Zergling x4  
  121  10:17  Hydralisk  
  121  10:20  Zergling x2  
  117  10:24  Zergling x2  
  117  10:28  Hydralisk  
  95  10:32  Hydralisk x2  
  95  10:33  Hydralisk  
  95  10:36  Hydralisk  
  95  10:39  Hatchery  
  95  10:41  Hydralisk  
  98  10:46  Hydralisk  
  98  10:47  Zergling x2  
  98  10:48  Zergling x2  
  102  10:51  Zergling x2  
  102  10:53  Zergling x2  
  104  10:58  Hydralisk  
  104  10:59  Infestation Pit  
  104  11:00  Hydralisk  
  107  11:05  Hydralisk  
  107  11:09  Zergling x2  
  107  11:10  Zergling x4  
  109  11:23  Hydralisk x2  
  109  11:24  Hydralisk x2  
  113  11:26  Zergling x2  
  113  11:31  Hatchery  
  113  11:32  Drone x2  
  114  11:36  Infestor  
  114  11:38  Drone  
  114  11:39  Drone  
  118  11:41  Drone  
  118  11:43  Drone  
  118  11:44  Drone  
  121  11:47  Drone  
  121  11:49  Infestor  
  124  11:54  Hydralisk  
  124  11:55  Hydralisk  
  124  11:59  Hydralisk  
  129  12:06  Zergling x2  
  129  12:07  Zergling x6  
  133  12:11  Hydralisk  
  135  12:16  Infestor  
  135  12:17  Zergling x2  
  135  12:18  Zergling x4  
  135  12:20  Zergling x2  
  135  12:21  Zergling x2  
  142  12:23  Hydralisk  
  142  12:26  Hydralisk  
  146  12:30  Hydralisk  
  146  12:33  Hydralisk  
  150  12:43  Hydralisk x2  
  154  12:45  Zergling x6  
  154  12:47  Zergling x2  
  154  12:50  Hydralisk  
  160  12:52  Hydralisk  
  160  12:54  Hydralisk  
  160  12:58  Hydralisk  
  164  13:02  Overlord  
  166  13:10  Hydralisk x2  
  166  13:18  Hydralisk x2  
  154  13:28  Hydralisk x2  
  154  13:33  Zergling x14  
  156  13:35  Zergling x2  
  156  13:38  Zergling x2  
Tags
 
Add a new tag
Caveats
  • Supply blocks, unpowered buildings, or Contaminate may cause inaccurate times.
  • Supply counts are checked every 10 seconds.